 Dungeon Crawl Stone Soup version 0.22-a0-265-g0d8bc90 (webtiles) character file.

44191 kuniqs the Blocker (level 13, -1/123 HPs)
             Began as a Deep Dwarf Fighter on Mar 7, 2018.
             Was a High Priest of Makhleb.
             Slain by a wyvern (11 damage)
             ... on level 6 of the Lair of Beasts.
             The game lasted 00:37:53 (14857 turns).

kuniqs the Blocker (Deep Dwarf Fighter)            Turns: 14857, Time: 00:37:54

Health: -1/123     AC:  0    Str: 25    XL:     13   Next: 94%
Magic:  0/1        EV: 21    Int:  9    God:    Makhleb [*****.]
Gold:   983        SH:  0    Dex: 12    Spells: 12/12 levels left

rFire    . . .     SeeInvis .   (weapon currently unavailable)
rCold    . . .     Gourm    .   (shield currently unavailable)
rNeg     . . .     Faith    .   (armour currently unavailable)
rPois    .         Spirit   .   (helmet currently unavailable)
rElec    .         Reflect  .   (cloak currently unavailable)
rCorr    .         Harm     .   (gloves currently unavailable)
MR       +....                  (boots currently unavailable)
Stlth    +.........             S - amulet of the acrobat
HPRegen  0.00/turn              (ring currently unavailable)
MPRegen  0.07/turn              (ring currently unavailable)

@: about to teleport, pig-form, non-regenerating, slowed
A: small, damage resistance, heal wounds, sense surroundings 2, no regeneration
a: Heal Wounds, Minor Destruction, Lesser Servant of Makhleb, Major Destruction,
Greater Servant of Makhleb, Renounce Religion


You were on level 6 of the Lair of Beasts.
You worshipped Makhleb.
Makhleb was extremely pleased with you.
You were hungry.
You were a filthy swine.
You visited 3 branches of the dungeon, and saw 18 of its levels.
You also visited: Labyrinth, Ossuary and Ice Cave.

You collected 1058 gold pieces.
You spent 75 gold pieces at shops.

Inventory:

Hand Weapons
 a - a +0 broad axe
 g - a +1 morningstar of protection (melded)
 L - a +2 war axe of chopping
Armour
 c - a +0 pair of gloves of dexterity (melded)
 i - a +0 large shield (melded)
 s - a +1 helmet (melded)
 y - a +0 cloak (melded)
 B - a +1 plate armour of poison resistance (melded)
 P - a +0 pair of boots (melded)
 Q - the +3 ring mail "Deema" {rF+ rC+}
   (You found it on level 4 of the Lair of Beasts)

   It protects you from fire.
   It protects you from cold.
Jewellery
 l - a ring of positive energy (melded)
 E - a ring of protection from fire (melded)
 K - an uncursed ring of see invisible
 S - an amulet of the acrobat (around neck)
Wands
 b - a wand of paralysis (23)
 n - a wand of flame (7)
 p - a wand of polymorph (10)
 z - a wand of iceblast (18)
 C - a wand of random effects (24)
 F - a wand of acid (1)
 O - a wand of disintegration (20)
Scrolls
 j - a scroll of teleportation
 t - a scroll of magic mapping
 u - 8 scrolls of fear
 v - a scroll of brand weapon
 x - a scroll of remove curse {@r2}
 D - a scroll of enchant armour
 H - a scroll of fog
 J - 3 scrolls of immolation
 M - 3 scrolls of enchant weapon
 R - a scroll of summoning
Potions
 d - 6 potions of might
 e - 2 potions of lignification
 h - 7 potions of haste
 k - 2 potions of flight
 m - 7 potions of curing {@q1}
 o - 2 potions of invisibility
 q - 6 potions of heal wounds
 r - 3 potions of resistance
 w - 3 potions of agility
 A - 4 potions of mutation
 G - a potion of magic
 N - a potion of cancellation {unknown}
Comestibles
 f - 32 rations


   Skills:
 + Level 10.0 Fighting
 + Level 11.5 Axes
 + Level 11.7 Armour
 + Level 11.1 Dodging
 + Level 11.7 Shields
 - Level 6.0 Invocations
 + Level 9.3 Evocations


You had 12 spell levels left.
You didn't know any spells.

Dungeon Overview and Level Annotations

Branches:
Dungeon (11/15)            Temple (1/1) D:4            Lair (6/6) D:11
 Shoals (0/4) Lair:2       Spider (0/4) Lair:4        Slime (0/5) Lair:5
    Orc (0/2) D:11

Altars:
Ashenzari
Cheibriados
Dithmenos
Elyvilon
Fedhas
Gozag
Hepliaklqana
Kikubaaqudgha
Makhleb
Nemelex Xobeh
Okawaru
Qazlal
Ru
Sif Muna
Trog
Uskayaw
Vehumet
Wu Jian
Xom
Yredelemnul
Zin
The Shining One
Jiyva

Shops:
D:8 *   D:11 ?

Annotations:
Lair:6 Kirke


Innate Abilities, Weirdness & Mutations

You are resistant to damage.
You can heal yourself by infusing magical energy.
You passively map the area around you.
You do not regenerate.


Message History

* * * LOW HITPOINT WARNING * * *
The wyvern bites you.
* * * LOW HITPOINT WARNING * * *
You hear some strange, mumbled words.
You feel yourself slow down. The hog closely misses you.
Your orange demon stings the hog.
Your orange demon hits the hog.
The hog completely misses you.
As you read the scroll of teleportation, it crumbles to dust.
You feel strangely unstable. The hog bites you. The hog bites you!
* * * LOW HITPOINT WARNING * * *
The wyvern completely misses you. The hog bites your orange demon.
The hog closely misses you. Something hits you!
* * * LOW HITPOINT WARNING * * *
The hog bites you.
* * * LOW HITPOINT WARNING * * *
Your orange demon stings the hog!
The hog dies!
Makhleb accepts your kill. The hog misses you. The wyvern bites you!
You die...

, , ** .## #...... , **,
..## *#..... * , , ...#
###.... , * , ..#*
#.#.#.. , * ,##..#
#..... , ##...# #....# ,
* # * ##4..#*#####P...P
, #..###...## #..##....#
* #.Hhhh†## ##..##.....
* ##.h{l..###..........
#....h.8....P......... *
#....8...h..........####
, ........8.......l....#
,, ,
...8..................P
, ,
..........8............P
,
.......................P
,, ..(....###..........P


You could see a polar bear, a harpy, 4 hogs, a wyvern and a friendly orange
demon.

Vanquished Creatures
  Snorg (D:11)
  Erolcha (D:11)
  3 hydras
  2 catoblepae (Lair:6)
  4 two-headed ogres
  4 death yaks
  3 ugly things
  4 elephants (Lair:3)
  A cyclops (D:11)
  3 black mambas
  A gargoyle (D:10)
  8 spiny frogs
  4 rime drakes
  7 komodo dragons
  2 trolls
  2 hornets
  6 blink frogs (Lair:5)
  9 hippogriffs
  8 dream sheep
  Sigmund (D:5)
  2 wraiths (D:10)
  A shadow (D:11)
  A human (D:9)
  Eustachio (D:5)
  38 yaks
  4 hogs (D:9)
  2 wyverns
  A basilisk (Lair:1)
  5 hungry ghosts
  16 water moccasins
  11 porcupines
  9 ice beasts
  4 orc warriors (D:11)
  A black bear (D:10)
  3 sky beasts
  A swamp drake (D:11)
  2 phantoms
  2 ogres
  4 wolves (Lair:4)
  8 centaurs
  9 crocodiles
  2 big kobolds
  A wyvern zombie (D:11)
  12 bullfrogs
  3 scorpions
  Dowan (D:4)
  9 killer bees
  A troll skeleton (Lab)
  3 howler monkeys
  3 spriggan skeletons (Lab)
  8 crimson imps
  5 hounds
  9 orc priests
  A gnoll shaman (D:5)
  A bullfrog skeleton (D:11)
  5 jellies
  17 orc wizards
  Ijyb (D:4)
  An iguana (D:8)
  10 worker ants
  14 mummies (Ossuary)
  A worker ant zombie (D:5)
  Robin (D:2)
  8 adders
  5 gnolls (D:5)
  2 shadow imps
  12 white imps (D:11)
  6 oozes
  An adder zombie (D:5)
  5 worms
  A dart slug (D:2)
  9 leopard geckos
  47 orcs
  7 giant cockroaches
  8 hobgoblins
  10 jackals
  6 quokkas
  2 ball pythons
  7 bats
  5 frilled lizards
  2 gnoll skeletons (Ossuary)
  12 goblins
  3 goblin skeletons (Ossuary)
  2 jackal skeletons
  7 kobolds
  A kobold skeleton (Ossuary)
  3 leopard gecko skeletons
  2 orc skeletons (Ossuary)
  A quokka skeleton (D:7)
  A quokka zombie (D:8)
  8 rats
  11 rat skeletons (Ossuary)
  2 fungi
504 creatures vanquished.

Vanquished Creatures (collateral kills)
  A minotaur (Lab)
  2 hydras
  A hog (Lair:6)
4 creatures vanquished.

Vanquished Creatures (others)
  An orc wizard (D:6)
  15 fungi
  5 plants
21 creatures vanquished.

Grand Total: 529 creatures vanquished

Notes
Turn   | Place    | Note
-------+----------+-------------------------------------------
     0 | D:1      | kuniqs the Deep Dwarf Fighter began the quest for the Orb.
     0 | D:1      | Reached XP level 1. HP: 20/20 MP: 1/1
   150 | D:1      | Reached XP level 2. HP: 20/27 MP: 2/2
   762 | D:2      | Reached skill level 1 in Dodging
   858 | D:2      | Noticed Robin
   879 | D:2      | Killed Robin
   879 | D:2      | Reached XP level 3. HP: 28/34 MP: 3/3
  1192 | D:2      | Reached XP level 4. HP: 33/42 MP: 4/4
  1666 | D:3      | Reached XP level 5. HP: 31/49 MP: 5/5
  1781 | D:3      | Reached XP level 6. HP: 49/56 MP: 5/5
  2257 | D:3      | Noticed a hippogriff
  2278 | D:3      | Killed a hippogriff
  2278 | D:3      | Reached skill level 5 in Armour
  2278 | D:3      | Reached skill level 5 in Shields
  2278 | D:3      | Reached XP level 7. HP: 60/64 MP: 4/4
  2562 | D:4      | Noticed Ijyb
  2578 | D:5      | Entered Level 5 of the Dungeon
  2667 | D:5      | Noticed a hornet
  2678 | D:5      | Paralysed by a hornet for 3 turns
  2706 | D:5      | Paralysed by a hornet for 3 turns
  2718 | D:5      | Paralysed by a hornet for 3 turns
  2727 | D:5      | Paralysed by a hornet for 2 turns
  2731 | D:5      | Paralysed by a hornet for 2 turns
  2742 | D:5      | Paralysed by a hornet for 2 turns
  2744 | D:5      | Killed a hornet
  2744 | D:5      | Reached skill level 5 in Axes
  2750 | D:5      | Reached XP level 8. HP: 62/73 MP: 3/3
  2775 | D:5      | Noticed Sigmund
  2822 | D:5      | Killed Sigmund
  2890 | D:5      | Reached skill level 5 in Fighting
  2908 | D:5      | Reached skill level 5 in Dodging
  3169 | D:5      | Got a jewelled quarterstaff
  3170 | D:5      | Identified the +2 quarterstaff "Utosu" {protect, Int+4} (You found it on level 5 of the Dungeon)
  3313 | D:5      | Gained mutation: You passively map the area around you. [Deep Dwarf growth]
  3313 | D:5      | Reached XP level 9. HP: 68/81 MP: 1/1
  3405 | D:5      | Noticed Eustachio
  3419 | D:5      | Killed Eustachio
  3661 | D:6      | Found a blossoming altar of Fedhas.
  4036 | D:6      | Reached skill level 1 in Evocations
  4903 | D:4      | Noticed Dowan
  4904 | D:4      | Noticed Duvessa
  4929 | D:4      | Found a staircase to the Ecumenical Temple.
  4939 | D:4      | Killed Ijyb
  4939 | D:4      | Reached skill level 5 in Evocations
  4948 | D:4      | Killed Dowan
  4952 | Temple   | Entered the Ecumenical Temple
  5260 | D:8      | Found Mipnoqun's Assorted Antiques.
  5273 | D:8      | Bought a scroll labeled INKAQO TOGEVIHOTT for 36 gold pieces
  5484 | D:8      | Noticed a two-headed ogre
  5494 | D:8      | Killed a two-headed ogre
  5494 | D:8      | Reached XP level 10. HP: 80/91 MP: 2/4
  5568 | D:8      | Found a sand-covered staircase.
  5573 | Ossuary  | Entered an ossuary
  6193 | D:8      | Found an ornate altar of the Wu Jian Council.
  6831 | D:9      | Got a polished ring mail
  6832 | D:9      | Identified the +4 ring mail of Subjectivity {rCorr} (You found it on level 9 of the Dungeon)
  6945 | D:9      | Found a burning altar of Makhleb.
  6948 | D:9      | Became a worshipper of Makhleb the Destroyer
  7040 | D:9      | Reached skill level 1 in Invocations
  7428 | D:9      | Noticed a two-headed ogre
  7434 | D:9      | Killed a two-headed ogre
  7691 | D:4      | Found a radiant altar of Vehumet.
  7734 | D:4      | Noticed Duvessa
  7734 | D:4      | Duvessa changed into Duvessa the steam dragon
  7735 | D:4      | Noticed Duvessa
  7735 | D:4      | Duvessa the steam dragon changed into Duvessa the sky beast
  7747 | D:4      | Killed Duvessa the sky beast
  8078 | D:10     | Entered Level 10 of the Dungeon
  8148 | D:10     | Reached XP level 11. HP: 79/99 MP: 4/4
  8176 | D:10     | Found a snail-covered altar of Cheibriados.
  8374 | D:10     | Reached * piety under Makhleb
  8770 | D:11     | Found a frozen archway.
  8818 | D:11     | Found Uppirph's Magic Scroll Shop.
  8821 | D:11     | Bought a scroll of teleportation for 39 gold pieces
  8827 | IceCv    | Entered an ice cave
  8881 | IceCv    | Noticed a white ugly thing
  8908 | IceCv    | Killed a white ugly thing
  8941 | D:11     | Noticed a cyan ugly thing
  8948 | D:11     | Killed a cyan ugly thing
  8959 | D:11     | Noticed a two-headed ogre
  8982 | D:11     | Killed a two-headed ogre
  8988 | D:11     | Reached ** piety under Makhleb
  9056 | D:11     | Found a staircase to the Lair.
  9097 | D:11     | Noticed a brown ugly thing
  9117 | D:11     | Killed a brown ugly thing
  9132 | D:11     | Noticed Snorg
  9136 | D:11     | Killed Snorg
  9136 | D:11     | Reached skill level 5 in Invocations
  9139 | D:11     | Noticed a two-headed ogre
  9147 | D:11     | Killed a two-headed ogre
  9501 | D:11     | Noticed Erolcha
  9503 | D:11     | Reached XP level 12. HP: 110/110 MP: 3/3
  9507 | D:11     | Killed Erolcha
  9767 | D:11     | Reached *** piety under Makhleb
  9911 | D:11     | Found a staircase to the Orcish Mines.
 10010 | Lair:1   | Entered Level 1 of the Lair of Beasts
 10180 | Lair:1   | Reached skill level 10 in Shields
 10348 | Lair:1   | Reached skill level 10 in Armour
 10376 | Lair:1   | Identified 2 scrolls of acquirement
 10390 | Lair:1   | Got a polished battleaxe
 10396 | Lair:1   | Identified the +4 battleaxe of Wounding {chop, rF+} (You acquired it on level 1 of the Lair of Beasts)
 11011 | Lair:2   | Reached **** piety under Makhleb
 11057 | Lair:2   | Reached skill level 10 in Axes
 11101 | Lair:2   | Found a staircase to the Shoals.
 11343 | Lair:2   | Noticed a six-headed hydra
 11399 | Lair:2   | Killed a six-headed hydra
 12080 | Lair:3   | Noticed Sonja
 12090 | Lair:3   | Noticed Sonja
 12090 | Lair:3   | Sonja changed into Sonja the blink frog
 12217 | Lair:3   | Found a snail-covered altar of Cheibriados.
 12364 | Lair:3   | Reached skill level 10 in Dodging
 12422 | Lair:3   | Reached XP level 13. HP: 121/121 MP: 4/4
 12836 | Lair:4   | Found a hole to the Spider Nest.
 12943 | Lair:4   | Paralysed by a hornet for 1 turns
 12972 | Lair:4   | Identified the +3 ring mail "Deema" {rF+ rC+} (You found it on level 4 of the Lair of Beasts)
 13425 | Lair:5   | Killed Sonja the blink frog
 13486 | Lair:5   | Found a runed door.
 13491 | Lair:5   | Found a viscous altar of Jiyva.
 13492 | Lair:5   | Found a labyrinth entrance.
 13493 | Lair:5   | Found a staircase to the Slime Pits.
 13510 | Lair:5   | Reached ***** piety under Makhleb
 13526 | Lab      | Entered a labyrinth
 13772 | Lab      | Found an exit through the horrors of the Abyss.
 13802 | Lab      | Noticed a minotaur
 13815 | Lab      | Killed a minotaur
 13824 | Lab      | Got a polished buckler
 13870 | Lab      | Identified the cursed +0 buckler "Sydu" {MR++ Str+6} (You found it in a labyrinth)
 14397 | Lair:6   | Entered Level 6 of the Lair of Beasts
 14845 | Lair:6   | Noticed Kirke
 14853 | Lair:6   | Reached skill level 10 in Fighting
 14857 | Lair:6   | Slain by a wyvern

Vault maps used:
D:1:      sevenhm_arrival_forest_fort_large_4, minmay_door_square
D:2:      uniq_robin
D:3:      first_ration, kennysheep_generic_room_5
D:4:      fiery_altar_vehumet, temple_statues, uniq_duvessa, uniq_ijyb
D:5:      cheibrodos_fzero, uniq_eustachio, uniq_sigmund
D:6:      fedhas_altar_fruit_tree, minmay_statues_item
D:8:      lemuel_coloured_pillars_altar, serial_shops, kennysheep_little_box,
          enter_ossuary_5
D:9:      kennysheep_mini_moat, grunt_livestock
D:10:     basic_altar
D:11:     lair_entry_dummy, erik_orc_1, serial_shops, shop,
          portal_ice_cave_entry_imps, uniq_erolcha, uniq_snorg
Temple:   dpeg_five_rooms_temple
Lair:1:   wad_woods_road_01, fungi_pond_lemuel
Lair:2:   elwin_shoals_entry_rocks
Lair:3:   basic_altar, serial_forest, infiniplex_forest_straight_5,
          infiniplex_forest_lined_3, infiniplex_forest_lined_corner,
          infiniplex_forest_clump_small, uniq_sonja
Lair:4:   nicolae_spider_entry_non_spiders, serial_bayou_crossing
Lair:5:   slime_altar_2, lab_entry_generic
Lair:6:   evilmike_catoblepas_cave, hangedman_lair_unloving_vines, uniq_kirke
Lab:      labyrinth_green, nicolae_lab_hexagon, nicolae_lab_grate,
          nicolae_lab_dead_end, labyrinth_fake_exit, nicolae_lab_starburst,
          nicolae_lab_flowing_pool, nicolae_lab_x, nicolae_lab_very_dead_end
Ossuary:  ossuary_due_small_catacomb
IceCv:    ice_cave_statue_garden_chambered

Skill      XL: |  1  2  3  4  5  6  7  8  9 10 11 12 13 |
---------------+----------------------------------------+-----
Dodging        | 1 2 3 4 5 6 7 8 10 11 | 11.1
Fighting       | 3 4 5 6 7 9 10 | 10.0
Axes           | 3 4 5 6 7 9 10 11 | 11.5
Armour         | 4 5 6 7 8 9 10 11 | 11.7
Shields        | 4 5 6 7 8 9 10 11 | 11.7
Evocations     | 9 |  9.3
Invocations    | 3 6 |  6.0

Action                   |  1- 3 |  4- 6 |  7- 9 | 10-12 | 13-15 || total
-------------------------+-------+-------+-------+-------+-------++-------
Melee: War axe           |   110 |    82 |    12 |   194 |   268 ||   666
       Morningstar       |       |   139 |   516 |   899 |   265 ||  1819
       Quarterstaff      |       |       |    12 |       |       ||    12
       Spear             |       |       |    14 |    27 |       ||    41
       Broad axe         |       |       |       |    21 |       ||    21
       Unarmed           |       |       |       |       |     1 ||     1
Throw: Tomahawk          |       |       |       |     3 |       ||     3
Invok: Lesser Servant of |       |       |       |     1 |     6 ||     7
 Abil: Heal Wounds       |     1 |     3 |    25 |    17 |     7 ||    53
Evoke: Wand              |       |       |     9 |    31 |     1 ||    41
  Use: Scroll            |       |       |    15 |    16 |     6 ||    37
       Potion            |       |       |     1 |     4 |     1 ||     6
 Stab: Confused          |       |       |       |     1 |       ||     1
       Petrified         |       |       |       |       |     3 ||     3
       Paralysed         |       |       |       |       |     3 ||     3
  Eat: Chunk             |     1 |     4 |    12 |    20 |    10 ||    47
       Ration            |       |       |       |     3 |     1 ||     4
Armor: Scale mail        |    68 |   115 |   186 |       |       ||   369
       Chain mail        |       |       |   161 |    95 |       ||   256
       Ring mail         |       |       |       |   328 |    44 ||   372
       Plate armour      |       |       |       |       |   226 ||   226
Dodge: Dodged            |    36 |    72 |   287 |   518 |   209 ||  1122
Block: Shield            |    76 |   121 |   446 |   660 |       ||  1303
       Large shield      |       |       |       |   145 |   605 ||   750

Table legend:
 A = Spawn XP
 B = Non-spawn XP
 C = Spawn XP percentage of total XP
 D = Spawn monster count
 E = Non-spawn monster count
 F = Spawn count percentage of total count
 G = Total turns spent on level
                    A         B        C        D         E        F      G
               +---------+---------+-------+---------+---------+-------+---------
         Total |       0 |   63130 |   0.0 |       0 |     505 |   0.0 | 14857
               +---------+---------+-------+---------+---------+-------+---------
           D:1 |       0 |      25 |   0.0 |       0 |      15 |   0.0 |   736
           D:2 |       0 |     109 |   0.0 |       0 |      35 |   0.0 |   853
           D:3 |       0 |     780 |   0.0 |       0 |      42 |   0.0 |   884
           D:4 |       0 |     401 |   0.0 |       0 |      11 |   0.0 |   530
           D:5 |       0 |    2093 |   0.0 |       0 |      40 |   0.0 |  1041
           D:6 |       0 |     722 |   0.0 |       0 |      21 |   0.0 |   916
           D:7 |       0 |     493 |   0.0 |       0 |      17 |   0.0 |   475
           D:8 |       0 |    1644 |   0.0 |       0 |      16 |   0.0 |   832
           D:9 |       0 |    4133 |   0.0 |       0 |      32 |   0.0 |  1266
          D:10 |       0 |    1634 |   0.0 |       0 |      14 |   0.0 |   692
          D:11 |       0 |   10943 |   0.0 |       0 |      74 |   0.0 |  1143
        Lair:1 |       0 |    6207 |   0.0 |       0 |      26 |   0.0 |   955
        Lair:2 |       0 |    2745 |   0.0 |       0 |      12 |   0.0 |   982
        Lair:3 |       0 |    4680 |   0.0 |       0 |      19 |   0.0 |   776
        Lair:4 |       0 |    3480 |   0.0 |       0 |      27 |   0.0 |   689
        Lair:5 |       0 |    7940 |   0.0 |       0 |      27 |   0.0 |   660
        Lair:6 |       0 |   11504 |   0.0 |       0 |      29 |   0.0 |   428
           Lab |       0 |    1909 |   0.0 |       0 |       9 |   0.0 |   357
       Ossuary |       0 |     273 |   0.0 |       0 |      32 |   0.0 |   353
         IceCv |       0 |    1415 |   0.0 |       0 |       7 |   0.0 |    97
               +---------+---------+-------+---------+---------+-------+---------
